 Dungeon Crawl Stone Soup version 0.31-a0-806-g0bc164a743 (webtiles) character file.

Game seed: 16124952378484660051

1760 Conn the Sneak (level 9, 0/51 HPs)
             Began as an Octopode Fire Elementalist on Sept 21, 2023.
             Was an Initiate of Sif Muna.
             Slain by a cyan ugly thing (14 damage)
             ... on level 6 of the Dungeon.
             The game lasted 00:18:46 (5685 turns).

Conn the Sneak (Octopode Fire Elementalist)         Turns: 5685, Time: 00:18:47

Health: 0/51       AC:  1    Str:  7    XL:     9   Next: 7%
Magic:  1/16       EV: 15    Int: 21    God:    Sif Muna [......]
Gold:   348        SH:  0    Dex: 13    Spells: 3/18 levels left

rFire   . . .        v - staff of cold
rCold   + + .        (no shield)
rNeg    . . .        (helmet restricted)
rPois   .            (no amulet)
rElec   .            g - ring of protection from cold
rCorr   .            m - ring of see invisible
SInv    +            o - ring of wizardry
Will    .....        (no ring)
Stlth   ++++         (no ring)
HPRegen 0.28/turn    (no ring)
MPRegen 0.15/turn    (no ring)
                     (no ring)

%: wizardry (x1)
@: lethally poisoned (0 -> -2)
A: almost no armour, amphibious, 8 rings, camouflage 1, gelatinous body 1,
(nimble swimmer 1), tentacles
a: Renounce Religion


You were on level 6 of the Dungeon.
You worshipped Sif Muna.
Sif Muna was noncommittal.
You visited 2 branches of the dungeon, and saw 7 of its levels.
You also visited: Sewer.

You collected 348 gold pieces.

Inventory:

Hand Weapons
 d - a +0 dagger
Missiles
 s - 4 poisoned darts
Magical Staves
 v - a staff of cold (weapon)
Jewellery
 g - a ring of protection from cold (left tentacle)
 m - a ring of see invisible (right tentacle)
 o - a ring of wizardry (on tentacle)
Scrolls
 b - a scroll of blinking
 c - 6 scrolls of teleportation
 e - 2 scrolls of identify
 f - 2 scrolls of fog
 j - 2 scrolls of fear {unknown}
 k - a scroll of enchant weapon {unknown}
 l - a scroll of amnesia {unknown}
 p - 2 scrolls of vulnerability {unknown}
 r - 2 scrolls of immolation {unknown}
Potions
 a - 5 potions of magic
 h - a potion of curing {unknown}
 i - 2 potions of cancellation {unknown}
 n - a potion of berserk rage {unknown}
 q - a potion of might {unknown}
 t - a potion of ambrosia {unknown}
 u - a potion of brilliance {unknown}
 w - a potion of invisibility {unknown}


   Skills:
 + Level 5.1 Dodging
 - Level 6.2 Stealth
 * Level 5.1 Spellcasting
 * Level 5.2 Conjurations
 + Level 5.5 Fire Magic
 + Level 2.1 Air Magic
 + Level 2.6 Poison Magic


You had 3 spell levels left.
You knew the following spells:

 Your Spells              Type           Power      Damage    Failure   Level
a - Foxfire               Conj/Fire      100%       2x1d9     1%          1
b - Scorch                Fire           56%        2d7       1%          2
c - Inner Flame           Hex/Fire       17%        N/A       4%          3
d - Flame Wave            Conj/Fire      28%        2d9       4%          4
e - Mephitic Cloud        Conj/Pois/Air  19%        N/A       3%          3
f - Call Imp              Summ           10%        N/A       6%          2

Your spell library contained the following spells:

 Spells                   Type           Power      Damage    Failure   Level
 Magic Dart               Conj           100%       1d8       1%          1
 Volatile Blastmotes      Fire/Tloc      34%        2d12      4%          3
 Animate Dead             Necr           5%         N/A       38%         4
 Haunt                    Necr/Summ      2%         N/A       100%        7
 Infestation              Necr           2%         N/A       100%        8


Dungeon Overview and Level Annotations

Branches:
Dungeon (6/15)             Temple (1/1) D:4           Sewer (visited)

Altars:
Ashenzari
Cheibriados
Dithmenos
Elyvilon
Fedhas
Gozag
Kikubaaqudgha
Makhleb
Nemelex Xobeh
Qazlal
Ru
Sif Muna
Trog
Uskayaw
Vehumet
Wu Jian
The Shining One

Shops:
D:2 =


Innate Abilities, Weirdness & Mutations

You cannot wear most types of armour.
You are amphibious.
You can wear up to eight rings at the same time.
Your skin changes colour to match your surroundings (Stealth+).
Your rubbery body absorbs attacks. (AC +1, EV +1)
((You are camouflaged when in or above water. (Stealth+)))
You have tentacles for arms and can constrict up to eight enemies at once.


Message History

Flames lash the scorpion.
The scorpion is burned terribly!
Sif Muna accepts your kill.
The scorpion explodes!
The fiery explosion engulfs the cyan ugly thing!!
The cyan ugly thing is heavily wounded.
You feel very sick.
The foxfire hits the cyan ugly thing.
The cyan ugly thing is heavily wounded.
The foxfire hits the cyan ugly thing.
The cyan ugly thing is heavily wounded.
Unknown command.
Unknown command.
Unknown command.
Casting: Scorch (safe; 1% risk of failure)
Confirm with . or Enter, or press ? or * to list all spells.
Flames lash the cyan ugly thing.
The cyan ugly thing is severely wounded.
The cyan ugly thing's fire resistance burns away.
You feel sick. The cyan ugly thing barely misses you.
Unknown command.
Casting: Scorch (safe; 1% risk of failure)
Confirm with . or Enter, or press ? or * to list all spells.
Flames lash the cyan ugly thing.
The cyan ugly thing is burned terribly!
The cyan ugly thing is severely wounded.
You feel sick. The cyan ugly thing closely misses you.
Casting: Scorch (safe; 1% risk of failure)
Confirm with . or Enter, or press ? or * to list all spells.
Flames lash the cyan ugly thing.
The cyan ugly thing is burned terribly!
The cyan ugly thing is almost dead.
You feel sick. The cyan ugly thing tail-slaps you.
The cyan ugly thing shocks you!
* * * LOW HITPOINT WARNING * * *
Unknown command.
Unknown command.
Casting: Scorch (safe; 1% risk of failure)
Confirm with . or Enter, or press ? or * to list all spells.
Flames lash the cyan ugly thing.
The cyan ugly thing is burned terribly!
The cyan ugly thing is almost dead.
You feel sick. The cyan ugly thing tail-slaps you!
You die...

..........#
.....##<.##
#.......#
######.....######
##...##.....##...##
#.....#.....#.....#
#.....'..8..'.....#
#.....#.....#....(#
##...##..@..##...##
########u########
§§§ .§.§. #.....#
#.....# ##...##
#####


You could see a cyan ugly thing (combustible).

Vanquished Creatures
  Grinder (D:3)
  An acid dragon (D:6)
  A water moccasin (D:5)
  An ice beast (D:5)
  2 black bears (D:5)
  A phantom (D:5)
  4 kobold brigands (Sewer)
  A scorpion (D:6)
  A howler monkey (D:4)
  2 orc priests (D:4)
  5 hounds (D:5)
  Jessica (D:2)
  5 iguanas
  An orc wizard (D:4)
  Robin (D:3)
  9 adders
  4 river rats (Sewer)
  A white imp (D:5)
  4 worms
  A dart slug (D:1)
  An orc (D:4)
  2 bats
  7 endoplasms
  4 giant cockroaches
  18 goblins
  13 hobgoblins
  5 jackals
  A quokka (D:1)
  6 ball pythons
  2 frilled lizards (D:3)
  11 kobolds
  4 rats
121 creatures vanquished.

Vanquished Creatures (others)
  340 foxfires
340 creatures vanquished.

Grand Total: 461 creatures vanquished

Notes
Turn   | Place    | Note
-------+----------+-------------------------------------------
     0 | D:1      | Conn the Octopode Fire Elementalist began the quest for the
                  | Orb.
     0 | D:1      | Reached XP level 1. HP: 11/11 MP: 3/3
   131 | D:1      | Reached XP level 2. HP: 17/17 MP: 0/5
   248 | D:1      | Reached skill level 3 in Stealth
   644 | D:1      | Found a faded altar of an unknown god.
   960 | D:1      | Reached XP level 3. HP: 21/21 MP: 4/6
   963 | D:1      | Learned a level 2 spell: Scorch
   967 | D:1      | Learned a level 3 spell: Inner Flame
  1328 | D:2      | Noticed Jessica
  1331 | D:2      | Killed Jessica
  1345 | D:2      | Reached XP level 4. HP: 25/27 MP: 3/7
  1400 | D:2      | Found Faam's Jewellery Shoppe.
  1516 | D:2      | Found a blossoming altar of Fedhas.
  1808 | D:3      | Noticed Robin
  2212 | D:3      | Noticed Grinder
  2217 | D:3      | Found a glowing drain.
  2226 | Sewer    | Entered a sewer
  2357 | Sewer    | Reached skill level 4 in Stealth
  2357 | Sewer    | Reached XP level 5. HP: 31/31 MP: 3/9
  2504 | Sewer    | Noticed a kobold brigand
  2518 | Sewer    | Killed a kobold brigand
  2648 | Sewer    | Noticed a kobold brigand
  2661 | Sewer    | Killed a kobold brigand
  2662 | Sewer    | Reached XP level 6. HP: 30/36 MP: 0/10
  3085 | Sewer    | Reached skill level 5 in Stealth
  3413 | Sewer    | Reached XP level 7. HP: 36/41 MP: 2/12
  3520 | D:3      | Killed Grinder
  3557 | D:3      | Found a bloodstained altar of Trog.
  3728 | D:3      | Killed Robin
  4025 | D:4      | Learned a level 4 spell: Flame Wave
  4029 | D:4      | Learned a level 3 spell: Mephitic Cloud
  4244 | D:4      | Reached skill level 6 in Stealth
  4339 | D:4      | Found a shadowy altar of Dithmenos.
  4341 | D:4      | Found a broken altar of Ashenzari.
  4431 | D:4      | Found a staircase to the Ecumenical Temple.
  4455 | Temple   | Entered the Ecumenical Temple
  4574 | D:4      | Reached XP level 8. HP: 46/46 MP: 8/14
  4582 | D:4      | Learned a level 2 spell: Call Imp
  4620 | D:5      | Entered Level 5 of the Dungeon
  4630 | D:5      | Reached skill level 5 in Fire Magic
  4662 | D:5      | Reached skill level 1 in Poison Magic
  4681 | D:5      | Reached skill level 1 in Air Magic
  5444 | D:5      | Found a shimmering blue altar of Sif Muna.
  5448 | D:5      | Became a worshipper of Sif Muna the Loreminder
  5452 | D:5      | Found an ancient bone altar of Kikubaaqudgha.
  5455 | D:5      | Found a white marble altar of Elyvilon.
  5583 | D:6      | Reached skill level 5 in Dodging
  5583 | D:6      | Reached skill level 5 in Spellcasting
  5583 | D:6      | Reached skill level 5 in Conjurations
  5583 | D:6      | Reached XP level 9. HP: 44/51 MP: 6/16
  5677 | D:6      | Noticed a cyan ugly thing
  5685 | D:6      | Slain by a cyan ugly thing

Illustrated notes

Levels and vault maps discovered:
D:1:      amcnicky_arrival_abandoned_market, layout_basic,
          shapermc_ecumenical_altar_hornbeckon
D:2:      layout_rooms, basic_altar, serial_shops, nicolae_shop_gibbet_a_chance,
          item_on_display_a, uniq_jessica
D:3:      layout_basic, amcnicky_altar_gilded, portal_sewer_entry_d,
          uniq_grinder, uniq_robin
D:4:      layout_rooms, nicolae_overflow_hidden_temple,
          minmay_temple_entry_proselytizer
D:5:      layout_rooms, grunt_temple_overflow_diamond, saegor_snake_ambush
D:6:      layout_basic, mainiacjoe_overflow_alcove_1, minmay_three_doors
Temple:   chequers_temple_sunken

Skill      XL: |  1  2  3  4  5  6  7  8 |
---------------+-------------------------+-----
Stealth        | 3 4 5 6 |  6.2
Conjurations   | 2 3 5 |  5.2
Dodging        | 3 4 5 |  5.1
Spellcasting   | 3 4 5 |  5.1
Fire Magic     | 4 5 |  5.5
Poison Magic   | 2 |  2.6
Air Magic      | 2 |  2.1

Action                     |  1- 3 |  4- 6 |  7- 9 || total
---------------------------+-------+-------+-------++-------
  Melee: Unarmed           |    11 |       |       ||    11
         Tentacles         |     6 |     5 |     4 ||    15
         Constrict         |     5 |     5 |     3 ||    13
         Dagger            |     9 |    15 |    29 ||    53
         Punch             |     1 |       |     1 ||     2
         Staff             |       |       |     2 ||     2
   Cast: Foxfire           |    34 |    58 |   105 ||   197
         Scorch            |     1 |    33 |    18 ||    52
         Inner Flame       |       |       |     1 ||     1
    Use: Scroll            |       |     4 |       ||     4
   Stab: Sleeping          |     2 |     2 |     3 ||     7
 Armour: Skin              |     9 |    19 |    19 ||    47
  Dodge: Dodged            |    25 |    15 |    23 ||    63

Table legend: (Time is in decaauts)
 A = Elapsed time spent in this place.
 B = Non-inter-level travel time spent in this place.
 C = Inter-level travel time spent in this place.
 D = Time resting spent in this place.
 E = Time spent auto-exploring this place.
 F = Levels seen in this place.
 G = Mean time per level.
                   A        B        C        D        E       F      G
               +--------+--------+--------+--------+--------+-----+--------+
         Total |   5683 |   5625 |     58 |    380 |   3845 |   8 |  710.4 |
       Dungeon |   4357 |   4299 |     58 |    142 |   3019 |   6 |  726.2 |
        Temple |     43 |     43 |      0 |      0 |      0 |   1 |   43.0 |
         Sewer |   1282 |   1282 |      0 |    238 |    826 |   1 | 1282.0 |
               +--------+--------+--------+--------+--------+-----+--------+

Top non-repeatable levels by time:
     D:1: 1337 daAuts
   Sewer: 1282 daAuts
     D:5: 928 daAuts
     D:3: 748 daAuts
     D:4: 657 daAuts
     D:2: 571 daAuts
     D:6: 114 daAuts
  Temple: 43 daAuts
